 Dungeon Crawl Stone Soup version 0.19.5 (webtiles) character file.

19487 BugsBunnySan the Ripper (level 12, -1/59 HPs)
             Began as a Felid Berserker on Mar 3, 2017.
             Was a High Priest of Trog.
             Slain by an orc warrior
             ... wielding a +0 hand axe
              (20 damage)
             ... on level 1 of the Orcish Mines.
             The game lasted 00:52:17 (19323 turns).

BugsBunnySan the Ripper (Felid Berserker)          Turns: 19323, Time: 00:52:18

Health: -1/59      AC:  3    Str: 19      XL:     12   Next: 37%
Magic:  13/13      EV: 29    Int:  7 (9)  God:    Trog [*****.]
Gold:   1276       SH:  0    Dex: 19      Spells: 0 memorised, 11 levels left
                                        Lives:  0   Deaths: 3

rFire  . . .     SeeInvis +       - Unarmed
rCold  + . .     Gourm    .     (armour unavailable)
rNeg   . . .     Faith    +     (shield unavailable)
rPois  .         Spirit   .     (helmet unavailable)
rElec  .         Reflect  .     (cloak unavailable)
rCorr  .         Harm     .     (gloves unavailable)
MR     +++++                    (boots unavailable)
Stlth  ++++++....               x - amulet of faith
                                (no ring)
                                v - ring of protection from magic

@: mighty, exhausted, regenerating, quick
A: no armour, no weapons or thrown items, stealth, claws 1, fangs 3, see
invisible, carnivore 3, speed 1, magic resistance 2, shaggy fur 3, slow
metabolism 1, sharp paws
a: Berserk, Trog's Hand, Brothers in Arms, Burn Spellbooks, Renounce Religion


You were on level 1 of the Orcish Mines.
You worshipped Trog.
Trog was extremely pleased with you.
You were very full.

You visited 4 branches of the dungeon, and saw 18 of its levels.
You also visited: Bailey.

You collected 1276 gold pieces.

Inventory:

Jewellery
 m - the amulet "Xubbusue" {RegenMP Str+6}
   (You acquired it on level 11 of the Dungeon)

   [amulet of magic regeneration]

   It increases your magic regeneration.
   It affects your strength (+6).
 n - an uncursed ring of ice {unknown}
 q - a cursed -3 ring of evasion {unknown}
 t - a +4 ring of dexterity {unknown}
 v - a ring of protection from magic (left paw)
 x - an amulet of faith (around neck)
 y - the ring "Heesiatt" {rPois rF+ Stlth+, unknown}
   (You took it off a gnoll on level 10 of the Dungeon)

   [ring of protection from fire]

   It protects you from fire.
   It protects you from poison.
   It makes you more stealthy.
 H - an uncursed ring of fire
 M - a cursed ring of loudness {unknown}
 T - the ring of Diem {-Tele rPois MP+9 Dex+5, unknown}
   (You acquired it in a bailey)

   [ring of magical power]

   It affects your dexterity (+5).
   It protects you from poison.
   It affects your magic capacity (+9).
   It prevents most forms of teleportation.
Wands
 c - a wand of lightning (6/15)
 d - a wand of enslavement (14/24)
 f - a wand of polymorph (15/24)
 l - a wand of acid (3/15)
 J - a wand of flame (26/48)
 P - a wand of digging (12/24)
Scrolls
 g - 2 scrolls of summoning {unknown}
 j - 2 scrolls of noise
 k - 3 scrolls of fear
 o - 3 scrolls of fog
 p - 8 scrolls of remove curse
 s - 2 scrolls of teleportation
 D - 2 scrolls of immolation
 G - a scroll of torment {unknown}
 O - a scroll of brand weapon {unknown}
 Q - a scroll of vulnerability {unknown}
Potions
 e - 2 potions of brilliance
 h - a potion of cancellation
 i - a potion of flight
 A - a potion of agility
Books
 C - a book of Air

   Spells                             Type                      Level
   a - Shock                          Conjuration/Air              1
   b - Swiftness                      Charms/Air                   2
   c - Repel Missiles                 Charms/Air                   2
   d - Static Discharge               Conjuration/Air              3
   e - Lightning Bolt                 Conjuration/Air              5
   Trog disapproves of the use of such an item.
 F - a book of Cantrips

   Spells                             Type                      Level
   a - Confusing Touch                Hexes                        1
   b - Animate Skeleton               Necromancy                   1
   c - Summon Small Mammal            Summoning                    1
   d - Apportation                    Translocation                1
   Trog disapproves of the use of such an item.
 I - a book of Maledictions

   Spells                             Type                      Level
   a - Corona                         Hexes                        1
   b - Ensorcelled Hibernation        Hexes/Ice                    2
   c - Confuse                        Hexes                        3
   d - Tukima's Dance                 Hexes                        3
   e - Dazzling Spray                 Conjuration/Hexes            3
   Trog disapproves of the use of such an item.
 N - a book of Minor Magic

   Spells                             Type                      Level
   a - Magic Dart                     Conjuration                  1
   b - Blink                          Translocation                2
   c - Call Imp                       Summoning                    2
   d - Repel Missiles                 Charms/Air                   2
   e - Slow                           Hexes                        2
   f - Conjure Flame                  Conjuration/Fire             3
   g - Mephitic Cloud                 Conjuration/Poison/Air       3
   Trog disapproves of the use of such an item.
 S - a book of Conjurations

   Spells                             Type                      Level
   a - Magic Dart                     Conjuration                  1
   b - Searing Ray                    Conjuration                  2
   c - Dazzling Spray                 Conjuration/Hexes            3
   d - Fulminant Prism                Conjuration/Hexes            4
   e - Iskenderun's Mystic Blast      Conjuration                  4
   f - Iskenderun's Battlesphere      Conjuration/Charms           5
   Trog disapproves of the use of such an item.
Comestibles
 a - 5 meat rations
 b - 6 beef jerkies
 r - a royal jelly
 w - 4 chunks of flesh


   Skills:
 * Level 10.6 Fighting
 + Level 11.6 Dodging
 + Level 12.5 Stealth
 + Level 15.1 Unarmed Combat


You had 11 spell levels left.
You didn't know any spells.

Dungeon Overview and Level Annotations

Branches:
Dungeon (13/15)            Temple (1/1) D:7            Lair (3/6) D:9
    Orc (1/2) D:11
  Swamp: Lair:2-4    Shoals: Lair:2-4     Snake: Lair:2-4    Spider: Lair:2-4
 Vaults: D:13-14

Altars:
Ashenzari
Cheibriados
Dithmenos
Elyvilon
Fedhas
Gozag
Hepliaklqana
Kikubaaqudgha
Makhleb
Nemelex Xobeh
Okawaru
Qazlal
Ru
Sif Muna
Trog
Uskayaw
Vehumet
Xom
Yredelemnul
Zin
The Shining One
Beogh


Innate Abilities, Weirdness & Mutations

You cannot wear armour.
You are incapable of wielding weapons or throwing items.
Your paws allow you to move quietly. (Stealth)
You have sharp claws.
You have razor-sharp teeth.
You have supernaturally acute eyesight. (SInv)
You are carnivorous and can eat meat at any time.
You cover ground quickly.
Your thick and shaggy fur keeps you warm. (AC +3, rC+)
You have a slow metabolism.
Your sharp claws are effective at attacking unaware monsters.
You are highly resistant to hostile enchantments. (MR++)


Message History

You kill the orc!
Trog accepts your kill.
You feel yourself speed up.
The orc throws a tomahawk.
The tomahawk completely misses you.
The orc throws a tomahawk.
The tomahawk closely misses you.
The orc warrior throws a tomahawk.
The tomahawk closely misses you.
The orc throws a tomahawk.
The tomahawk closely misses you.
The orc warrior throws a tomahawk.
The tomahawk hits you!
The orc warrior throws a tomahawk.
The tomahawk hits you.
* * * LOW HITPOINT WARNING * * *
Okay, then.
An orc warrior comes into view. It is wielding a battleaxe.
Things that are here:
a short sword; 20 gold pieces; an orc corpse You barely miss the orc warrior.
The orc warrior shouts!
You claw the orc warrior. Your bite misses the orc warrior.
The orc warrior is lightly wounded.
The orc warrior hits you with a hand axe!!
You die...

##.....#..
.#o........
..C#.#.........#
...........#....
...............
.......O##...###
..#.......>..o.##
.............o@.#
............##(##
.............###
$.......#...##
.......##.###
....o...o..#
...........#
>$..#......#
.o.##.....##


You could see 2 orc warriors, an ogre (wandering) and an orc.

Vanquished Creatures
  Harold (D:11)
  2 hydras
  Erica (Orc:1)
  An orc high priest (Bailey)
  2 unseen horrors
  4 hill giants
  3 orc knights
  The ghost of sinus the Carver, a novice MiFi of Okawaru (Bailey)
  A manticore (D:11)
  4 cyclopes
  2 spiny frogs (Lair:1)
  A gargoyle (D:11)
  A kobold demonologist (Bailey)
  An efreet (D:13)
  2 trolls (D:13)
  6 blink frogs (Lair:1)
  3 hippogriffs
  A steam dragon (D:11)
  5 yaks (Lair:1)
  4 fire elementals (D:13)
  2 hungry ghosts
  16 wargs
  2 water moccasins
  A hell hound (D:13)
  Duvessa (D:6)
  A porcupine (Lair:1)
  5 sky beasts
  14 orc warriors
  6 ice beasts
  A hornet zombie (D:9)
  8 ogres
  2 black bears
  A phantom (D:5)
  2 centaurs
  A crocodile (Lair:1)
  4 big kobolds
  6 bullfrogs
  3 gnoll sergeants
  Dowan (D:6)
  2 scorpions
  8 killer bees
  8 wights
  4 howler monkeys (D:10)
  4 electric eels
  3 crimson imps
  A quasit (D:7)
  8 hounds
  16 orc wizards
  9 orc priests
  A bullfrog zombie (D:7)
  2 jellies
  A centaur skeleton (D:4)
  Jessica (D:2)
  Ijyb (D:2)
  A gnoll shaman (D:8)
  Natasha (D:2)
  4 iguanas
  12 worker ants
  A hound skeleton (D:9)
  26 gnolls
  13 adders
  4 shadow imps
  An adder skeleton (D:5)
  2 worms (D:3)
  A dart slug (D:2)
  5 leopard geckos
  74 orcs
  6 giant cockroaches
  16 goblins
  9 hobgoblins
  6 jackals
  3 quokkas
  A ball python (D:3)
  A bat (D:2)
  4 frilled lizards
  A jackal zombie (D:8)
  14 kobolds
  A leopard gecko zombie (D:8)
  2 quokka skeletons (D:5)
  3 rats
  A fungus (D:4)
  A plant (D:11)
406 creatures vanquished.

Vanquished Creatures (collateral kills)
  Gastronok (D:11)
  Azrael (D:13)
  2 orc knights (D:11)
  A hungry ghost (D:11)
  An orc warrior (D:11)
  A centaur (D:11)
  2 orc priests (D:11)
  21 orcs
30 creatures vanquished.

Vanquished Creatures (others)
  A gnoll (Bailey)
  A fungus (Lair:1)
2 creatures vanquished.

Grand Total: 438 creatures vanquished

Notes
Turn   | Place    | Note
-------+----------+-------------------------------------------
     0 | D:1      | BugsBunnySan the Felid Berserker began the quest for the Orb.
     0 | D:1      | Reached XP level 1. HP: 10/10 MP: 2/2
    38 | D:2      | Noticed Ijyb
    44 | D:2      | Killed Ijyb
    44 | D:2      | Reached XP level 2. HP: 15/15 MP: 3/3
   145 | D:2      | Reached XP level 3. HP: 18/18 MP: 4/4
   159 | D:2      | Found a stormy altar of Qazlal.
   495 | D:2      | Noticed Natasha
   505 | D:2      | Killed Natasha
   505 | D:2      | Reached XP level 4. HP: 12/22 MP: 5/5
  1008 | D:2      | Noticed Jessica
  1016 | D:2      | Killed Jessica
  1381 | D:2      | Found an opulent altar of Gozag.
  1559 | D:3      | Reached skill level 5 in Dodging
  1559 | D:3      | Reached skill level 1 in Stealth
  1559 | D:3      | Reached skill level 4 in Unarmed Combat
  1559 | D:3      | Reached XP level 5. HP: 25/25 MP: 6/6
  1636 | D:3      | Reached ** piety under Trog
  1915 | D:5      | Entered Level 5 of the Dungeon
  2399 | D:4      | Gained mutation: You are covered in thick fur. (AC +2) [Felid growth]
  2399 | D:4      | Reached XP level 6. HP: 29/29 MP: 7/7
  2736 | D:4      | Reached skill level 5 in Unarmed Combat
  2866 | D:3      | Found a blossoming altar of Fedhas.
  4278 | D:7      | Found a staircase to the Ecumenical Temple.
  4289 | D:7      | Reached skill level 5 in Fighting
  4397 | D:7      | Found a shimmering altar of Xom.
  4397 | D:7      | Found a radiant altar of Vehumet.
  4406 | D:7      | Found an ancient bone altar of Kikubaaqudgha.
  4412 | D:7      | Found a deep blue altar of Sif Muna.
  4413 | D:7      | Found a shadowy altar of Dithmenos.
  4422 | D:7      | Reached XP level 7. HP: 18/33 MP: 8/8
  4577 | D:8      | Noticed a hungry ghost
  4591 | D:8      | Killed a hungry ghost
  4806 | D:7      | Reached skill level 5 in Stealth
  4806 | D:7      | Reached skill level 6 in Unarmed Combat
  5293 | D:7      | Reached XP level 8. HP: 34/38 MP: 9/9
  5536 | D:6      | Noticed Duvessa
  5538 | D:6      | Noticed Dowan
  5547 | D:6      | Killed Duvessa
  5551 | D:6      | Killed Dowan
  5551 | D:6      | Reached skill level 7 in Unarmed Combat
  5558 | D:6      | Reached *** piety under Trog
  5757 | D:6      | Reached skill level 8 in Unarmed Combat
  6019 | D:6      | Reached XP level 9. HP: 42/42 MP: 10/10
  6340 | D:6      | Slain by a killer bee
  6341 | D:6      | Reached XP level 8. HP: -1/58 MP: 9/9
  7056 | D:5      | Found a glowing golden altar of the Shining One.
  7059 | D:5      | Found a basalt altar of Yredelemnul.
  7062 | D:5      | Noticed a profane servitor
  7600 | D:5      | Noticed an angel
  7905 | Temple   | Entered the Ecumenical Temple
  8135 | D:9      | Reached skill level 9 in Unarmed Combat
  8182 | D:9      | Noticed a hippogriff
  8191 | D:9      | Killed a hippogriff
  8251 | D:9      | Found a burning altar of Makhleb.
  8255 | D:9      | Found a glowing silver altar of Zin.
  8255 | D:9      | Noticed an Executioner
  8255 | D:9      | Noticed an angel
  8416 | D:8      | Reached XP level 9. HP: 43/43 MP: 10/10
  8675 | D:8      | Reached **** piety under Trog
  8978 | D:8      | Reached skill level 10 in Unarmed Combat
  9133 | D:10     | Entered Level 10 of the Dungeon
  9157 | D:10     | HP: 3/64 [orc wizard/magic dart (10)]
  9158 | D:10     | Mangled by a killer bee
  9159 | D:10     | Reached XP level 8. HP: -6/60 MP: 9/9
  9221 | D:10     | Noticed a hill giant
  9227 | D:10     | Killed a hill giant
  9228 | D:10     | Noticed an unseen horror
  9237 | D:10     | Reached XP level 9. HP: 22/43 MP: 10/10
  9267 | D:10     | Killed an unseen horror
  9322 | D:10     | HP: 2/44 [gnoll/spear (4)]
  9332 | D:10     | Got a slimy pewter ring
  9774 | D:11     | Noticed an eight-headed hydra
  9778 | D:11     | Killed an eight-headed hydra
  9779 | D:11     | Noticed Gastronok
  9787 | D:11     | Killed Gastronok
  9787 | D:11     | Reached skill level 11 in Unarmed Combat
  9787 | D:11     | Reached XP level 10. HP: 46/48 MP: 11/11
 10940 | D:9      | Found a staircase to the Lair.
 10952 | D:9      | Reached skill level 10 in Dodging
 10988 | D:9      | Noticed a cyclops
 10995 | D:9      | Killed a cyclops
 12237 | D:9      | Noticed a hill giant
 12244 | D:9      | Killed a hill giant
 12244 | D:9      | Reached ***** piety under Trog
 12244 | D:9      | Reached skill level 10 in Stealth
 12244 | D:9      | Reached skill level 12 in Unarmed Combat
 12653 | D:11     | Found a staircase to the Orcish Mines.
 12737 | D:11     | Found a roughly hewn altar of Beogh.
 12779 | D:11     | Noticed a gargoyle
 12788 | D:11     | Killed a gargoyle
 12868 | D:12     | Reached XP level 11. HP: 52/52 MP: 12/12
 12918 | D:11     | Noticed an orc knight
 12933 | D:11     | Noticed an orc knight
 12939 | D:11     | Killed an orc knight
 12951 | D:11     | Killed an orc knight
 12962 | D:11     | Noticed an orc knight
 12968 | D:11     | Killed an orc knight
 13046 | D:11     | Noticed a storm dragon
 13932 | D:11     | Reached ****** piety under Trog
 13997 | D:11     | Noticed Harold
 14011 | D:11     | Killed from afar by Harold
 14012 | D:11     | Reached XP level 10. HP: -4/73 MP: 11/11
 14031 | D:11     | Killed Harold
 14031 | D:11     | Reached skill level 13 in Unarmed Combat
 14365 | D:13     | Found a flagged portal.
 14378 | Bailey   | Entered a bailey
 14529 | Bailey   | Found an iron altar of Okawaru.
 14529 | Bailey   | Noticed an orc high priest
 14571 | Bailey   | Noticed a sixfirhy
 14571 | Bailey   | Noticed a sixfirhy
 14571 | Bailey   | Killed an orc high priest
 14899 | Bailey   | Noticed sinus's ghost (novice MiFi)
 14917 | Bailey   | Killed sinus's ghost
 14917 | Bailey   | Reached XP level 11. HP: 53/53 MP: 12/12
 15403 | Bailey   | Noticed an orc knight
 15413 | Bailey   | Killed an orc knight
 15434 | Bailey   | Got a warped copper ring
 16189 | D:11     | Got an ancient silver amulet
 16196 | D:11     | Noticed a hill giant
 16216 | D:11     | Killed a hill giant
 16483 | Temple   | Identified the amulet "Xubbusue" {RegenMP Str+6} (You acquired it on level 11 of the Dungeon)
 16486 | Temple   | Gained mutation: You are resistant to hostile enchantments. (MR+) [potion of mutation]
 16486 | Temple   | Gained mutation: Your body sometimes deteriorates upon taking damage. [potion of mutation]
 16486 | Temple   | Gained mutation: You are partially covered in large bone plates. (SH +4) [potion of mutation]
 16487 | Temple   | Gained mutation: You are highly resistant to hostile enchantments. (MR++) [potion of mutation]
 16487 | Temple   | Lost mutation: You are partially covered in large bone plates. (SH +4) [potion of mutation]
 16487 | Temple   | Gained mutation: You can translocate small distances at will. [potion of mutation]
 16488 | Temple   | Lost mutation: Your body sometimes deteriorates upon taking damage. [potion of cure mutation]
 16488 | Temple   | Lost mutation: You can translocate small distances at will. [potion of cure mutation]
 16700 | D:13     | Noticed an orc knight
 16723 | D:13     | Killed an orc knight
 16961 | D:13     | Noticed a brown ugly thing
 16973 | D:13     | Noticed a hill giant
 16982 | D:13     | Killed a hill giant
 16982 | D:13     | Reached skill level 14 in Unarmed Combat
 16998 | D:13     | Noticed Azrael
 17046 | D:13     | Reached skill level 10 in Fighting
 17344 | D:13     | Killed Azrael
 17375 | D:13     | Noticed an unseen horror
 17408 | D:13     | Killed an unseen horror
 18060 | Lair:1   | Entered Level 1 of the Lair of Beasts
 18200 | Lair:1   | Gained mutation: Your thick and shaggy fur keeps you warm. (AC +3, rC+) [Felid growth]
 18200 | Lair:1   | Reached XP level 12. HP: 27/58 MP: 13/13
 18287 | Lair:2   | Noticed a seven-headed hydra
 18302 | Lair:2   | Killed a seven-headed hydra
 18651 | Lair:1   | Reached skill level 15 in Unarmed Combat
 19199 | Orc:1    | Entered Level 1 of the Orcish Mines
 19232 | Orc:1    | Noticed Erica
 19274 | Orc:1    | Noticed an orc high priest
 19279 | Orc:1    | Killed Erica
 19323 | Orc:1    | Slain by an orc warrior

Skill      XL: |  1  2  3  4  5  6  7  8  9 10 11 12 |
---------------+-------------------------------------+-----
Fighting       | 4 5 7 8 10 | 10.6
Dodging        | 5 6 8 9 10 11 | 11.6
Stealth        | 1 2 3 5 8 9 10 12 | 12.5
Unarmed Combat | 4 5 6 9 11 13 14 15 | 15.1

Action                   |  1- 3 |  4- 6 |  7- 9 | 10-12 || total
-------------------------+-------+-------+-------+-------++-------
Melee: Unarmed           |    35 |   164 |   395 |   694 ||  1288
       Bite              |     3 |    21 |    37 |    81 ||   142
       Punch             |       |     4 |    19 |    35 ||    58
Invok: Berserk           |     4 |     2 |    12 |    33 ||    51
       Trog's Hand       |       |       |    10 |    21 ||    31
       Brothers in Arms  |       |       |     1 |     3 ||     4
       Burn Spellbooks   |       |       |       |     1 ||     1
  Use: Scroll            |       |       |    25 |     9 ||    34
       Potion            |       |       |     4 |    12 ||    16
 Stab: Sleeping          |     1 |    10 |    17 |    24 ||    52
       Distracted        |       |       |     4 |     3 ||     7
  Eat: Chunk             |     7 |    12 |    40 |    67 ||   126
       Meat ration       |       |       |     1 |       ||     1
       Pizza             |       |       |       |     1 ||     1
Armor: Skin              |     1 |     5 |    20 |    16 ||    42
Dodge: Dodged            |    20 |   103 |   355 |   574 ||  1052
